 Dungeon Crawl Stone Soup version 0.31-a0-145-g046c7d2549 (webtiles) character file.

Game seed: 14217256366558257186

354 qw the Shooter (level 6, -3/52 HPs)
             Began as a Minotaur Hunter on June 7, 2023.
             Was an Initiate of Okawaru.
             Slain by an ice beast (14 damage)
             ... on level 5 of the Dungeon.
             The game lasted 00:01:14 (3792 turns).

qw the Shooter (Minotaur Hunter)                    Turns: 3792, Time: 00:01:15

Health: -3/52      AC:  7    Str: 14 (15) XL:     6   Next: 35%
Magic:  5/5        EV: 11    Int:  5 (6)  God:    Okawaru [......]
Gold:   1059       SH:  0    Dex: 14 (16) Spells: 5/5 levels left

rFire   . . .        Y - +1 shortbow
rCold   . . .        (shield currently unavailable)
rNeg    . . .        e - +0 ring mail
rPois   .            (helmet restricted)
rElec   .            (no cloak)
rCorr   .            l - +0 pair of gloves
SInv    .            g - +0 pair of boots
Will    .....        (no amulet)
Stlth   +            (no ring)
HPRegen 0.28/turn    (no ring)
MPRegen 0.09/turn

%: no passive effects
@: no status effects
A: horns 2, retaliatory headbutt
a: Renounce Religion


You were on level 5 of the Dungeon.
You worshipped Okawaru.
Okawaru was noncommittal.
You visited 2 branches of the dungeon, and saw 6 of its levels.

You collected 1059 gold pieces.


Innate Abilities, Weirdness & Mutations

You have a pair of horns on your head.
You reflexively headbutt those who attack you in melee.


   Skills:
 - Level 4.0 Fighting
 + Level 7.6 Ranged Weapons
 - Level 2.0 Armour
 - Level 2.1 Dodging
 - Level 0.7 Stealth


You had 5 spell levels left.
You didn't know any spells.
Your spell library was empty.

Inventory:

Hand Weapons
 Y - a +1 shortbow (weapon)
Armour
 e - a +0 ring mail (worn)
 g - a +0 pair of boots (worn)
 l - a +0 pair of gloves (worn)
Jewellery
 c - a +5 ring of evasion
Scrolls
 b - a scroll of identify
Potions
 a - a potion of mutation {unknown}
 d - a potion of magic {unknown}
 i - a potion of enlightenment {unknown}
 j - a potion of curing
 k - a potion of resistance {unknown}
 m - a potion of ambrosia {unknown}

Dungeon Overview and Level Annotations

Branches:
Dungeon (5/15)             Temple (1/1) D:4

Altars:
Cheibriados
Hepliaklqana
Kikubaaqudgha
Nemelex Xobeh
Okawaru
Ru
Uskayaw
Wu Jian
Xom
Yredelemnul
Zin


Message History

There is a shaft here.
There is a shaft here.
You open the door.
There is an open door here.
Things that are here:
a +0 trident; a +0 chain mail An ice beast comes into view.
Enter note:
Enter note: You shoot an arrow.
The arrow closely misses the ice beast.
You shoot an arrow.
The arrow hits the ice beast but does no damage.
You shoot an arrow.
The arrow hits the ice beast but does no damage.
You shoot an arrow. The arrow barely misses the ice beast.
You shoot an arrow.
The arrow hits the ice beast but does no damage.
The ice beast barely misses you. You furiously retaliate!
You headbutt the ice beast. You shoot an arrow.
The arrow completely misses the ice beast.
The ice beast misses you. You furiously retaliate!
You headbutt the ice beast. You shoot an arrow. The arrow hits the ice beast.
The ice beast is moderately wounded.
The ice beast hits you but does no damage.
You shoot an arrow. The arrow barely misses the ice beast.
The ice beast hits you. The ice beast freezes you!
You shoot an arrow. The arrow barely misses the ice beast.
The ice beast hits you but does no damage. x2
You shoot an arrow. The arrow barely misses the ice beast.
The ice beast hits you. The ice beast freezes you!
You shoot an arrow. The arrow barely misses the ice beast.
The ice beast hits you. The ice beast freezes you!
You shoot an arrow. The arrow hits the ice beast.
The ice beast is heavily wounded.
The ice beast hits you but does no damage.
You shoot an arrow. The arrow hits the ice beast.
The ice beast is heavily wounded.
The ice beast hits you. The ice beast freezes you!
You die...

.#...........##.. #..
#.....(..#^.. ####..
#.......##^'
#....#####.#..#..###
#.......##....##....
##.......##..........
#....................
#......##............
#...#@.#####.....)#...
.... #Y..#
###......... ..
.....###...#####...
......#....## #...
......#......######...
..#.$##......... #....
.##.####.....#.###...#
..
#..................#
..................


You could see an ice beast.

Vanquished Creatures
  A sky beast (D:5)
  A sleepcap (D:5)
  Ijyb (D:3)
  An orc wizard (D:5)
  5 gnolls
  5 adders
  4 worms
  10 orcs
  5 ball pythons
  3 endoplasms
  4 giant cockroaches
  9 goblins
  5 hobgoblins
  3 jackals (D:3)
  3 quokkas
  4 bats
  2 frilled lizards
  3 kobolds
  8 rats
77 creatures vanquished.

Notes
Turn   | Place    | Note
-------+----------+-------------------------------------------
     0 | D:1      | qw the Minotaur Hunter began the quest for the Orb.
     0 | D:1      | Reached XP level 1. HP: 18/18 MP: 0/0
     0 | D:1      | 0 ||| qw: Version: 0.2-a-117-gc6b5c8b
     0 | D:1      | 0 ||| qw: Game counter: 2504
     0 | D:1      | 0 ||| qw: Always use a shield: true
     0 | D:1      | 0 ||| qw: God list: Okawaru
     0 | D:1      | 0 ||| qw: Allow faded altars: false
     0 | D:1      | 0 ||| qw: Do Orc after D:15 true
     0 | D:1      | 0 ||| qw: Do second Lair branch before Depths: true
     0 | D:1      | 0 ||| qw: Lair rune preference: random
     0 | D:1      | 0 ||| qw: Plans: Normal
     0 | D:1      | 0 ||| PLANNING D:1-11
   213 | D:1      | Reached skill level 5 in Ranged Weapons
   213 | D:1      | Reached XP level 2. HP: 22/25 MP: 1/1
   713 | D:1      | Reached skill level 3 in Fighting
   724 | D:1      | 724 ||| READING scroll labelled XUSTOMMEPPU.
   725 | D:1      | 725 ||| READING scroll labelled WIRUB GIRYRGH.
   726 | D:1      | 726 ||| READING scroll labelled WEYNLU HUM LUW.
   727 | D:1      | 727 ||| READING scroll labelled XAUTIQ LEANODY.
   728 | D:1      | 728 ||| READING scroll labelled XOROYS ETAGA.
   729 | D:1      | 729 ||| READING scroll labelled TOIP RIRILAI.
   729 | D:1      | Identified a scroll of acquirement
   729 | D:1      | 729 ||| ACQUIRING 841 gold pieces
   729 | D:1      | Acquired 841 gold pieces
   731 | D:1      | 731 ||| DROPPING scroll of butterflies.
   786 | D:2      | Reached XP level 3. HP: 31/31 MP: 2/2
   899 | D:2      | Reached skill level 6 in Ranged Weapons
   899 | D:2      | Reached XP level 4. HP: 36/38 MP: 3/3
   940 | D:2      | Found an ornate altar of the Wu Jian Council.
  1121 | D:2      | 1121 ||| READING scroll labelled UMUBECONING.
  1122 | D:2      | 1122 ||| READING scroll labelled AQARURGH RALASU.
  1123 | D:2      | 1123 ||| READING scroll labelled OWODEE WOUNIR.
  1188 | D:3      | HP: 6/38 [worm (10)]
  1653 | D:3      | Found a snail-covered altar of Cheibriados.
  1780 | D:3      | Reached XP level 5. HP: 17/46 MP: 4/4
  1947 | D:3      | Noticed Ijyb
  1966 | D:3      | Killed Ijyb
  2234 | D:3      | Found a hazy altar of Hepliaklqana.
  2237 | D:3      | 2237 ||| UPGRADING to +0 ring mail.
  2247 | D:3      | 2247 ||| DROPPING +0 leather armour.
  2248 | D:3      | 2248 ||| UPGRADING to +0 pair of boots.
  2253 | D:3      | 2253 ||| READING scroll labelled DEVVIXTU BOZO.
  2254 | D:3      | 2254 ||| DRINKING 2 smoky cyan potions.
  2255 | D:3      | 2255 ||| READING 2 scrolls of identify.
  2255 | D:3      | 2255 ||| IDENTIFYING bubbling golden potion
  2256 | D:3      | 2256 ||| DROPPING potion of brilliance.
  2314 | D:4      | Found a staircase to the Ecumenical Temple.
  2315 | D:4      | 2315 ||| PLANNING TEMPLE
  2323 | Temple   | Entered the Ecumenical Temple
  2324 | Temple   | 2324 ||| PLANNING OKAWARU WORSHIP
  2354 | Temple   | Became a worshipper of Warmaster Okawaru
  2354 | Temple   | 2354 ||| PLANNING D:1-11
  3320 | D:4      | 3320 ||| UPGRADING to +0 pair of gloves.
  3325 | D:4      | 3325 ||| READING scroll labelled QOJAUPTOUFA.
  3326 | D:4      | 3326 ||| READING scroll labelled HEMOCVURYV.
  3427 | D:4      | 3427 ||| DRINKING 2 viscous amethyst potions.
  3428 | D:4      | 3428 ||| DROPPING potion of degeneration.
  3453 | D:5      | Entered Level 5 of the Dungeon
  3494 | D:5      | Reached skill level 7 in Ranged Weapons
  3538 | D:5      | Noticed a sky beast
  3553 | D:5      | Killed a sky beast
  3554 | D:5      | Reached XP level 6. HP: 26/52 MP: 5/5
  3749 | D:5      | Found a sparkling altar of Nemelex Xobeh.
  3779 | D:5      | Noticed an ice beast
  3792 | D:5      | HP: 11/52 [ice beast (3)]
  3792 | D:5      | Slain by an ice beast

Levels and vault maps discovered:
D:1:      erik_arrival_cave_to_civilisation [erik_arrival_cave_to_hall],
          layout_basic
D:2:      layout_rooms, basic_altar, serial_bayou_lake_a
D:3:      kennysheep_goblin_castle, layout_loops_ring,
          mainiacjoe_overflow_boulevard, lemuel_tele_altar
D:4:      layout_layer_cave, minmay_temple_entry_mini_moons
D:5:      layout_cave_pools, nemelex_spade_bored_becter
Temple:   hellmonk_temple_two_chambers

Skill      XL: |  1  2  3  4  5 |
---------------+----------------+-----
Ranged Weapons | 5 6 7 |  7.6
Fighting       | 3 4 |  4.0
Armour         | 2 |  2.0
Dodging        | |  2.1
Stealth        | |  0.7

Action                     |  1- 3 |  4- 6 || total
---------------------------+-------+-------++-------
   Fire: Shortbow          |    93 |   184 ||   277
    Use: Scroll            |     6 |     7 ||    13
         Potion            |       |     2 ||     2
 Armour: Leather armour    |     8 |    11 ||    19
         Ring mail         |       |    19 ||    19
  Dodge: Dodged            |    18 |    50 ||    68

Table legend:
 A = Non-vault XP
 B = Vault XP
 C = Vault XP percentage of total XP
 D = Non-vault monster count
 E = Vault monster count
 F = Vault count percentage of total count
                 A         B        C        D         E       F
            +---------+---------+-------+---------+---------+-------
      Total |     443 |      63 |  12.5 |      63 |      14 |  18.2
            +---------+---------+-------+---------+---------+-------
        D:1 |      32 |       2 |   5.9 |      14 |       2 |  12.5
        D:2 |      76 |       0 |   0.0 |      20 |       0 |   0.0
        D:3 |     103 |      61 |  37.2 |      19 |      12 |  38.7
        D:4 |      17 |       0 |   0.0 |       3 |       0 |   0.0
        D:5 |     215 |       0 |   0.0 |       7 |       0 |   0.0
            +---------+---------+-------+---------+---------+-------
